 Dungeon Crawl Stone Soup version 0.27-a0-1529-g1e82c303ef (webtiles) character file.

Game seed: 15356044644921983621

101 Anon1729 the Magician (level 4, -3/30 HPs)
             Began as a Mummy Venom Mage on July 11, 2021.
             Slain by an orc (5 damage)
             ... on level 4 of the Dungeon.
             The game lasted 00:04:17 (3491 turns).

Anon1729 the Magician (Mummy Venom Mage)            Turns: 3491, Time: 00:04:18

Health: -3/30      AC:  3    Str: 11    XL:     4   Next: 48%
Magic:  9/9        EV: 12    Int: 15    God:
Gold:   71         SH:  0    Dex: 12    Spells: 9/10 levels left

rFire    x . .     SeeInvis .   j - +0 long sword
rCold    + . .     Faith    +   (no shield)
rNeg     + + +     Spirit   .   a - +0 robe
rPois    ∞         Reflect  .   d - +0 helmet
rElec    .         Harm     .   (no cloak)
rCorr    .         Rampage  .   (no gloves)
Will     .....                  (no boots)
Stlth    ++........             c - amulet of faith
HPRegen  0.10/turn              (no ring)
MPRegen  0.11/turn              (no ring)

@: no status effects
A: cold resistance 1, negative energy resistance 3, torment resistance 2, heat
vulnerability 1, no potions
a: no special abilities


You were on level 4 of the Dungeon.
You visited 1 branch of the dungeon, and saw 4 of its levels.

You collected 71 gold pieces.

Inventory:

Hand Weapons
 j - a +0 long sword (weapon)
Armour
 a - a +0 robe (worn)
 d - a +0 helmet (worn)
Jewellery
 c - an amulet of faith (around neck)
 g - a ring of positive energy
Scrolls
 b - 2 scrolls of enchant weapon {unknown}
 e - a scroll of immolation {unknown}
 f - a scroll of identify {unknown}
 h - a scroll of torment {unknown}
 i - a scroll of noise {unknown}


   Skills:
 + Level 2.1 Dodging
 + Level 2.3 Stealth
 + Level 3.5 Spellcasting
 + Level 1.6 Transmutations
 + Level 2.9 Poison Magic


You had 9 spell levels left.
You knew the following spells:

 Your Spells              Type           Power      Damage    Failure   Level
a - Sting                 Tmut/Pois      36%        1d4       8%          1

Your spell library contained the following spells:

 Spells                   Type           Power      Damage    Failure   Level
 Poisonous Vapours        Pois/Air       14%        N/A       16%         2
 Mephitic Cloud           Conj/Pois/Air  5%         N/A       36%         3
 Olgreb's Toxic Radiance  Pois           11%        N/A       50%         4


Dungeon Overview and Level Annotations

Branches:
Dungeon (4/15)
 Temple: D:4-7

Altars:


Innate Abilities, Weirdness & Mutations

You are immune to poison.
Your flesh is cold resistant. (rC+)
You are immune to negative energy. (rN+++)
You are immune to unholy pain and torment.
You are vulnerable to heat. (rF-)
You do not drink.


Message History

You miss the adder.
The adder is lightly wounded.
The adder barely misses you. The adder closely misses you.
You hit the adder.
The adder is moderately wounded.
The adder bites you. The adder barely misses you.
You riposte.
You hit the adder but do no damage.
The adder is moderately wounded.
You miss the adder.
The adder is moderately wounded.
The adder closely misses you.
You completely miss the adder.
The adder is moderately wounded.
The adder barely misses you. x2
You closely miss the adder.
The adder is moderately wounded.
The adder bites you.
* * * LOW HITPOINT WARNING * * *
The adder bites you.
* * * LOW HITPOINT WARNING * * *
You slash the adder!
You kill the adder!
The goblin closely misses you.
You slash the goblin!
You kill the goblin!
The orc hits you but does no damage. The orc hits you with a +0 short sword.
* * * LOW HITPOINT WARNING * * *
The orc barely misses you.
You barely miss the orc.
The orc priest hits you from afar with a +0 trident.
* * * LOW HITPOINT WARNING * * *
The orc barely misses you. The orc closely misses you.
The orc priest misses you.
You barely miss the orc. The orc closely misses you.
You riposte.
You closely miss the orc. The orc hits you but does no damage.
The orc priest barely misses you.
You slash the orc!
You kill the orc!
The orc hits you with a +0 short sword.
You die...

....# ##...# ....#
######..#####
.....>.#....
######.#.....#######
#...........(#.....#
##.#..##........o.#
.............##@#.#
#.#..#......##)#
###<...#####o#
#.............o#
#####.#..#####..
...#..# #.. ####..#
#.. ...# #... .#.


You could see an orc priest and 2 orcs.

Vanquished Creatures
  3 adders
  2 river rats (D:3)
  A worm (D:2)
  2 dart slugs
  2 orcs
  5 endoplasms
  3 giant cockroaches
  4 goblins
  3 hobgoblins
  2 quokkas
  5 ball pythons
  5 bats
  2 frilled lizards (D:2)
  6 kobolds
  9 rats
54 creatures vanquished.

Notes
Turn   | Place    | Note
-------+----------+-------------------------------------------
     0 | D:1      | Anon1729 the Mummy Venom Mage began the quest for the Orb.
     0 | D:1      | Reached XP level 1. HP: 13/13 MP: 4/4
    38 | D:1      | Found a faded altar of an unknown god.
   406 | D:1      | Reached skill level 1 in Transmutations
   507 | D:1      | Reached XP level 2. HP: 19/19 MP: 3/5
   848 | D:1      | Reached skill level 3 in Spellcasting
  1800 | D:2      | Reached XP level 3. HP: 24/24 MP: 5/7
  3071 | D:3      | Found a glowing drain.
  3205 | D:3      | Reached XP level 4. HP: 25/30 MP: 9/9
  3491 | D:4      | Slain by an orc

Illustrated notes

Levels and vault maps discovered:
D:1:      elethiomel_arrival_quiet, layout_loops_ring,
          dreamdust_ecumenical_altar_grove, st_stairs_5, minmay_distorted
D:2:      layout_basic
D:3:      layout_basic, portal_sewer_entry_b
D:4:      layout_basic, kennysheep_mini, grunt_ministairs_6

Skill      XL: |  1  2  3 |
---------------+----------+-----
Transmutations | 1 |  1.6
Spellcasting   | 3 |  3.5
Stealth        | 2 |  2.3
Dodging        | 2 |  2.1
Poison Magic   | |  2.9

Action                   |  1- 3 |  4- 6 || total
-------------------------+-------+-------++-------
Melee: Unarmed           |    45 |       ||    45
       Long sword        |     6 |    42 ||    48
 Cast: Sting             |    86 |       ||    86
Armor: Robe              |    16 |    11 ||    27
Dodge: Dodged            |    79 |    37 ||   116
       Rpst.: Long sword |       |     8 ||     8

Table legend: (Time is in decaauts)
 A = Elapsed time spent in this place.
 B = Non-inter-level travel time spent in this place.
 C = Inter-level travel time spent in this place.
 D = Time resting spent in this place.
 E = Time spent auto-exploring this place.
 F = Levels seen in this place.
 G = Mean time per level.
                   A        B        C        D        E       F      G
               +--------+--------+--------+--------+--------+-----+--------+
         Total |   3511 |   3410 |    101 |    372 |   2516 |   4 |  877.8 |
       Dungeon |   3511 |   3410 |    101 |    372 |   2516 |   4 |  877.8 |
               +--------+--------+--------+--------+--------+-----+--------+

Top non-repeatable levels by time:
     D:1: 1217 daAuts
     D:2: 1160 daAuts
     D:3: 1081 daAuts
     D:4: 52 daAuts
